 Dungeon Crawl Stone Soup version 0.29-a0-193-ga21e45360d (webtiles) character file.

Game seed: 1950373297384640452

1664 Baz the Ducker (level 9, -5/66 HPs)
             Began as a Djinni Fire Elementalist on Jan 27, 2022.
             Was an Initiate of Makhleb.
             Slain by a wyvern zombie (14 damage)
             ... on level 6 of the Dungeon on Feb 22, 2022.
             The game lasted 00:22:52 (8830 turns).

Baz the Ducker (Djinni Fire Elementalist)           Turns: 8830, Time: 00:22:53

Health: -5/66      AC:  3    Str:  7    XL:     9   Next: 20%
Gold:   353        EV: 15    Int: 22    God:    Makhleb [......] SH:  0 Dex: 13

rFire   + + .      SeeInvis .   g - +2 dagger (vamp)
rCold   x . .      Faith    .   (no shield)
rNeg    . . .      Spirit   .   a - +0 robe
rPois   ∞          Reflect  .   (no helmet)
rElec   .          Harm     .   c - +0 cloak
rCorr   .          Rampage  .   (no gloves)
Will    .....                   (boots unavailable)
Stlth   ++........              (no amulet)
HPRegen 0.21/turn               (no ring)
MPRegen 0.00/turn               (no ring)

@: flying
A: sickness immunity, fire resistance 2, cold vulnerability 1, float, innate
caster, HP casting, extra vitality 1
a: Renounce Religion


You were on level 6 of the Dungeon.
You worshipped Makhleb.
Makhleb was noncommittal.
You visited 2 branches of the dungeon, and saw 7 of its levels.

You collected 353 gold pieces.

Inventory:

Hand Weapons
 g - a +2 vampiric dagger (weapon)
 j - a +4 dagger of protection
Armour
 a - a +0 robe (worn)
 c - a +0 cloak (worn)
 m - a +0 kite shield
Scrolls
 b - 10 scrolls of identify {unknown}
 d - 3 scrolls of immolation {unknown}
 f - 2 scrolls of silence {unknown}
 h - 2 scrolls of torment {unknown}
 i - 5 scrolls of teleportation {unknown}
 n - a scroll of fog {unknown}
Potions
 e - 4 potions of curing {unknown}
 k - a potion of flight {unknown}
 l - a potion of attraction {unknown}
 o - 3 potions of heal wounds {unknown}
 p - a potion of ambrosia {unknown}
 q - a potion of might {unknown}
 r - a potion of mutation {unknown}
 s - a potion of brilliance {unknown}
 t - a potion of degeneration {unknown}


   Skills:
 + Level 6.2 Fighting
 + Level 7.3 Dodging
 - Level 1.5 Stealth
 + Level 5.4 Spellcasting


You couldn't memorise any spells.
You knew the following spells:

 Your Spells              Type           Power      Damage    Failure   Level
a - Foxfire               Conj/Fire      100%       2x1d9     1%          1
b - Scorch                Fire           60%        2d8       1%          2
c - Conjure Flame         Conj/Fire      30%        6-21      3%          3
d - Inner Flame           Hex/Fire       30%        N/A       3%          3
e - Flame Wave            Conj/Fire      30%        2d8       10%         4
f - Shock                 Conj/Air       100%       1d9       1%          1
g - Static Discharge      Conj/Air       30%        N/A       1%          2
h - Blink                 Tloc           60%        N/A       1%          2
i - Summon Ice Beast      Ice/Summ       30%        N/A       10%         4
Your spell library was empty.

Dungeon Overview and Level Annotations

Branches:
Dungeon (6/15)             Temple (1/1) D:5

Altars:
Ashenzari
Cheibriados
Dithmenos
Elyvilon
Gozag
Kikubaaqudgha
Makhleb
Nemelex Xobeh
Okawaru
Ru
Sif Muna
Trog
Vehumet
Wu Jian
Xom
Yredelemnul
Zin
The Shining One

Annotations:
D:4 Dowan, Duvessa


Innate Abilities, Weirdness & Mutations

You are immune to sickness and miasma.
You are immune to poison.
Your flesh is very heat resistant. (rF++)
You are vulnerable to cold. (rC-)
You float through the air rather than walking.
You learn spells naturally, not from books.
Your magical power is your life essence.
You have superior vitality. (+4 MHP)


Message History

A wave of flame ripples out!
The flame wave engulfs the killer bee zombie!
You destroy the killer bee zombie!
Makhleb accepts your kill.
The flame wave engulfs the wyvern zombie.
The wyvern zombie is moderately damaged. (Press . to intensify the flame waves.)
The wyvern zombie bites you! The wyvern zombie closely misses you.
Unknown command.
Unknown command.
A wave of flame ripples out!
The flame wave engulfs the wyvern zombie.
The wyvern zombie is moderately damaged.
The flame wave engulfs the wyvern zombie.
The wyvern zombie is lightly damaged.
The flame wave engulfs the centaur zombie.
The centaur zombie is lightly damaged.
The wyvern zombie barely misses you. The wyvern zombie closely misses you.
Unknown command.
A wave of flame ripples out!
The flame wave engulfs the centaur zombie!
The centaur zombie is heavily damaged.
The flame wave engulfs the wyvern zombie!
The wyvern zombie is heavily damaged.
The flame wave engulfs the wyvern zombie!
The wyvern zombie is moderately damaged.
The flame wave engulfs the hornet zombie!
The hornet zombie is lightly damaged.
You finish channelling waves of flame.
The centaur zombie barely misses you. The centaur zombie misses you.
The wyvern zombie misses you. The wyvern zombie closely misses you.
The wyvern zombie bites you!
The centaur zombie completely misses you.
The centaur zombie kicks you.
Unknown command.
The wyvern zombie bites you!
* * * LOW HITPOINT WARNING * * *
The centaur zombie misses you.
The centaur zombie kicks you but does no damage.
The wyvern zombie bites you!
You die...

....#PP.P....###.
.... ._.
##..P....# .#...
.. #...P.##.# ...
. ...P...###.##
...
.P....####..###.#
..P............#
PP..#####......##
.... #.......##
##. ##Z@...).# .
#.ZZ..##...#
.....Z.## .....
....###.## ....
.... #.# .## ≈≈
##. ## ≈ . .


You could see 2 wyvern zombies, a hornet zombie and a centaur zombie.

Vanquished Creatures
  Pikel (D:2)
  Edmund (D:4)
  2 sky beasts (D:5)
  An ice beast (D:5)
  A bullfrog (D:5)
  2 scorpions
  2 water moccasin skeletons
  A bullfrog zombie (D:6)
  4 hounds
  An orc priest (D:5)
  A jelly (D:6)
  Terence (D:2)
  3 iguanas
  A killer bee zombie (D:6)
  Robin (D:2)
  6 adders
  A shadow imp (D:5)
  A white imp (D:6)
  4 worms
  2 dart slugs
  6 orcs
  5 bats
  14 endoplasms
  16 goblins
  11 hobgoblins
  4 jackals (D:2)
  3 kobolds
  6 quokkas
  5 ball pythons
  6 frilled lizards
  7 rats
120 creatures vanquished.

Vanquished Creatures (others)
  319 foxfires
  3 withered plants (D:6)
322 creatures vanquished.

Grand Total: 442 creatures vanquished

Notes
Turn   | Place    | Note
-------+----------+-------------------------------------------
     0 | D:1      | Baz the Djinni Fire Elementalist began the quest for the
                  | Orb.
     0 | D:1      | Reached XP level 1. HP: 15/15 MP: 0/0
   224 | D:1      | Found a faded altar of an unknown god.
   328 | D:1      | Reached XP level 2. HP: 14/22 MP: 0/0
   466 | D:1      | Reached skill level 1 in Fighting
  1103 | D:1      | Reached XP level 3. HP: 25/27 MP: 0/0
  1103 | D:1      | Learned a level 1 spell: Shock
  1423 | D:1      | Found a broken altar of Ashenzari.
  1590 | D:2      | Found a glowing golden altar of the Shining One.
  1978 | D:2      | Reached skill level 3 in Dodging
  2202 | D:2      | Noticed Terence
  2225 | D:2      | Killed Terence
  2226 | D:2      | Reached XP level 4. HP: 6/33 MP: 0/0
  2825 | D:2      | Noticed Robin
  3366 | D:2      | Upgraded the game from 0.29-a0-6-ga859fcf985 to
                  | 0.29-a0-193-ga21e45360d
  3627 | D:2      | Reached XP level 5. HP: 35/38 MP: 0/0
  3627 | D:2      | Learned a level 2 spell: Static Discharge
  3660 | D:2      | Killed Robin
  4690 | D:3      | Reached skill level 4 in Dodging
  4690 | D:3      | Reached XP level 6. HP: 40/45 MP: 0/0
  5207 | D:4      | Identified the +1 leather armour of Card Tricks {rF+ Int-4
                  | Slay+2}
  5211 | D:4      | Noticed Edmund
  5598 | D:4      | Killed Edmund
  5795 | D:4      | Reached XP level 7. HP: 44/50 MP: 0/0
  5795 | D:4      | Learned a level 2 spell: Blink
  5828 | D:4      | Noticed Duvessa
  5828 | D:4      | Noticed Dowan
  6048 | D:5      | Entered Level 5 of the Dungeon
  6447 | D:4      | Noticed Pikel
  6806 | D:2      | Killed Pikel
  6807 | D:2      | Reached skill level 5 in Fighting
  6807 | D:2      | Reached skill level 6 in Dodging
  6807 | D:2      | Reached XP level 8. HP: 29/59 MP: 0/0
  7869 | D:5      | Found a shadowy altar of Dithmenos.
  7879 | D:5      | Reached skill level 5 in Spellcasting
  7884 | D:5      | Reached XP level 9. HP: 45/66 MP: 0/0
  7884 | D:5      | Learned a level 4 spell: Summon Ice Beast
  7987 | D:5      | Found a glowing golden altar of the Shining One.
  8260 | D:5      | Found a staircase to the Ecumenical Temple.
  8383 | Temple   | Entered the Ecumenical Temple
  8487 | Temple   | Became a worshipper of Makhleb the Destroyer
  8526 | D:6      | Reached skill level 7 in Dodging
  8536 | D:6      | Found a broken altar of Ashenzari.
  8830 | D:6      | Slain by a wyvern zombie

Illustrated notes

Levels and vault maps discovered:
D:1:      dpeg_arrival_lava_altar, layout_loops_ring,
          ebering_ecumenical_altar_rust
D:2:      layout_basic, serial_corexii_hall, corexii_hall_statues_x,
          corexii_hall_statues_l, basic_altar, minmay_quadrilaterals,
          uniq_robin, uniq_terence
D:3:      layout_basic
D:4:      layout_basic, uniq_duvessa, uniq_edmund, uniq_pikel
D:5:      layout_basic, mainiacjoe_overflow_catwalk_spiral,
          minmay_temple_entry_nine_rooms, grunt_ministairs_15,
          corexii_hall_statues_s, kennysheep_generic_room_3
D:6:      layout_layer_cave, marbit_many_paths, kiku_gazebo_garden_becter,
          serial_undead, serial_undead_f, serial_undead_d, serial_undead_f,
          serial_undead_f, minmay_misc_feat_plants
Temple:   zaba_magenta_temple

Skill      XL: |  1  2  3  4  5  6  7  8  9 |
---------------+----------------------------+-----
Fighting       | 1 2 3 5 6 |  6.2
Dodging        | 3 4 6 7 |  7.3
Spellcasting   | 3 4 5 |  5.4
Stealth        | |  1.5

Action                   |  1- 3 |  4- 6 |  7- 9 || total
-------------------------+-------+-------+-------++-------
Melee: Unarmed           |     2 |       |       ||     2
       Dagger            |       |     6 |       ||     6
 Cast: Foxfire           |    72 |    82 |    32 ||   186
       Scorch            |     7 |    37 |    45 ||    89
       Conjure Flame     |       |     2 |    11 ||    13
       Static Discharge  |       |     1 |       ||     1
       Blink             |       |       |     1 ||     1
       Flame Wave        |       |       |     2 ||     2
 Stab: Sleeping          |     1 |       |       ||     1
Armor: Robe              |     6 |    11 |     6 ||    23
Dodge: Dodged            |    26 |    13 |    32 ||    71

Table legend: (Time is in decaauts)
 A = Elapsed time spent in this place.
 B = Non-inter-level travel time spent in this place.
 C = Inter-level travel time spent in this place.
 D = Time resting spent in this place.
 E = Time spent auto-exploring this place.
 F = Levels seen in this place.
 G = Mean time per level.
                   A        B        C        D        E       F      G
               +--------+--------+--------+--------+--------+-----+--------+
         Total |   8839 |   8517 |    322 |   3612 |   3467 |   7 | 1262.7 |
       Dungeon |   8730 |   8412 |    318 |   3612 |   3419 |   6 | 1455.0 |
        Temple |    108 |    104 |      4 |      0 |     48 |   1 |  108.0 |
               +--------+--------+--------+--------+--------+-----+--------+

Top non-repeatable levels by time:
     D:1: 2300 daAuts
     D:2: 2125 daAuts
     D:5: 1514 daAuts
     D:3: 1417 daAuts
     D:4: 1059 daAuts
     D:6: 312 daAuts
  Temple: 108 daAuts
